 Dungeon Crawl Stone Soup version 0.31-a0-521-gc7390f8997 (webtiles) character file.

Game seed: 4986075980790504929

7123 MisterAzrael the Cleaver (level 11, -7/95 HPs)
             Began as a Hill Orc Fighter on Aug 10, 2023.
             Was a Follower of Qazlal.
             Collided with a metal wall (15 damage)
             ... caused by a wretched star
             ... on level 2 of the Abyss.
             The game lasted 00:11:57 (5997 turns).

MisterAzrael the Cleaver (Hill Orc Fighter)         Turns: 5997, Time: 00:11:58

Health: -7/95      AC: 10    Str: 24    XL:     11   Next: 10%
Magic:  14/14      EV: 11    Int:  8    God:    Qazlal [*.....]
Gold:   411        SH:  2    Dex: 10    Spells: 15/15 levels left

rFire   + + .        r - +4 battleaxe
rCold   x x .        (shield currently unavailable)
rNeg    . . .        x - +3 salamander hide armour {Flames, rFlCloud rF++ rC--}
rPois   .            (no helmet)
rElec   .            (no cloak)
rCorr   .            D - +2 pair of gloves
SInv    .            (no boots)
Will    .....        p - amulet of regeneration
Stlth   +            (no ring)
HPRegen 0.00/turn    (no ring)
MPRegen 0.14/turn

%: random rage (9%)
@: brilliant, inhibited regen
A: [berserk 2], [low MP 2], [inhibited regeneration], [subdued magic 2]
a: Renounce Religion


You were on level 2 of the Abyss.
You worshipped Qazlal.
Qazlal was aware of your devotion.
You visited 2 branches of the dungeon, and saw 9 of its levels.
You visited the Abyss 1 time.

You collected 411 gold pieces.

Inventory:

Hand Weapons
 a - a +0 war axe of chaos
 r - a +4 battleaxe (weapon)
 C - a +4 quarterstaff of chaos
Missiles
 i - 5 poisoned darts
Armour
 b - a +0 scale mail
 c - a +0 buckler
 e - the +1 leather armour of Honesty {Dex+7}
   (You found it on level 5 of the Dungeon)

   Dex+7:     It affects your dexterity (+7).
 v - a +0 chain mail
 x - the +3 salamander hide armour (worn) {Flames, rFlCloud rF++ rC--}
   (You found it on level 5 of the Dungeon)

   Flames:    It surrounds you with flame clouds and enhances your fire magic.
   rFlCloud:  It grants immunity to flame clouds.
   rF++:      It greatly protects you from fire.
   rC--:      It makes you very vulnerable to cold.
 D - a +2 pair of gloves (worn)
Jewellery
 p - an amulet of regeneration (around neck)
Talismans
 w - a dragon-blood talisman
Scrolls
 f - 4 scrolls of poison
 g - a scroll of identify
 j - 2 scrolls of teleportation
 k - 3 scrolls of amnesia {unknown}
 n - 2 scrolls of enchant armour {unknown}
 o - 3 scrolls of blinking {unknown}
 q - a scroll of silence
 s - a scroll of revelation {unknown}
 u - a scroll of noise {unknown}
 y - a scroll of vulnerability {unknown}
Potions
 d - a potion of cancellation
 h - a potion of ambrosia
 m - a potion of attraction {unknown}
 t - a potion of berserk rage {unknown}
 z - a potion of brilliance
 A - a potion of heal wounds {unknown}
 B - a potion of degeneration {unknown}


   Skills:
 + Level 8.7 Fighting
 * Level 12.2 Axes
 + Level 8.0 Armour
 + Level 7.8 Shields
 + Level 2.6 Spellcasting
 * Level 9.4 Invocations


You had 15 spell levels left.
You didn't know any spells.
Your spell library contained the following spells:

 Spells                   Type           Power      Damage    Failure   Level
 Magic Dart               Conj           0%         1d3       28%         1
 Searing Ray              Conj           0%         2d4       41%         2
 Sublimation of Blood     Necr           0%         N/A       41%         2
 Hailstorm                Conj/Ice       0%         3d3       67%         3
 Ozocubu's Armour         Ice            0%         N/A       67%         3
 Vhi's Electric Charge    Tloc/Air       0%         N/A       67%         3
 Fulminant Prism          Conj/Hex       0%         3d5       97%         4
 Petrify                  Tmut/Erth      0%         N/A       97%         4
 Summon Ice Beast         Ice/Summ       0%         N/A       97%         4
 Arcjolt                  Conj/Air       0%         1d10      100%        5
 Irradiate                Conj/Tmut      0%         3d11      100%        5
 Plasma Beam              Fire/Air       0%         2x1d10    100%        6
 Simulacrum               Ice/Necr       0%         N/A       100%        6
 Ozocubu's Refrigeration  Ice            0%         4d7       100%        7


Dungeon Overview and Level Annotations

Branches:
Dungeon (8/15)             Temple (1/1) D:6
   Lair: D:8-11

Altars:
Cheibriados
Dithmenos
Fedhas
Gozag
Hepliaklqana
Kikubaaqudgha
Makhleb
Nemelex Xobeh
Okawaru
Qazlal
Ru
Sif Muna
Trog
Vehumet
Wu Jian
Xom
Yredelemnul
The Shining One

Shops:
D:1 :

Annotations:
D:8 Psyche


Innate Abilities, Weirdness & Mutations

[You have an uncontrollable temper.]
[Your magical capacity is very low. (-20% MP)]
[You do not regenerate when monsters are visible.]
[Your spells are easier to cast, but less powerful.]


Message History

Okay, then.
You start resting.
A wretched star is nearby!
Aiming: Upheaval
Press: ? - help, Dir - move target, f - wretched star
Aim: a wretched star A blizzard blasts the area with ice!
The blast of ice hits the wretched star!
The wretched star partially resists.
The wretched star is lightly damaged.
The wretched star is flash-frozen.
You can no longer call upon nature to destroy your foes.
The wretched star pulses with an eldritch light!
Your regeneration stops near monsters.
You feel less energetic. x2
The wretched star glows turbulently.
The lance of force hits you!
You are knocked back by the lance of force.
You slam into the metal wall!
The wretched star is no longer encased in ice.
The wretched star is engulfed in blazing flames.
The wretched star pulses with an eldritch light!
Your connection to magic feels subdued.
Your connection to magic feels more subdued.
You hit the wretched star.
The wretched star is lightly damaged.
The wretched star is engulfed in blazing flames.
The wretched star pulses with an eldritch light!
You feel a little pissed off.
You feel extremely angry at everything!
You hit the wretched star.
The wretched star is moderately damaged.
The wretched star is engulfed in blazing flames.
You slash the wretched star!
The wretched star is heavily damaged.
The wretched star is engulfed in blazing flames.
The wretched star glows turbulently.
The lance of force hits you!!
* * * LOW HITPOINT WARNING * * *
You are knocked back by the lance of force.
You slam into the metal wall!
You die...

##. ... .###.#
.. . #._.#. .
#
...#.#.#.###.#
# #....#...
##.#
###.........#
#.#.##.##.##
#..# .#.#
#.°##°..#
#...#@.*.#
....#.####°.#
...... #.# ...
.# ## #..#.
.#..# ..#


You could see a wretched star.

Vanquished Creatures
  Erica (D:8)
  3 thrashing horrors (Abyss:2)
  Jeremiah (D:7)
  5 yaks (D:8)
  2 steam dragons
  3 humans (D:8)
  A small abomination (Abyss:2)
  A water moccasin (D:5)
  2 sky beasts
  A black bear (D:6)
  An ogre (D:7)
  4 orc warriors
  2 phantoms (D:5)
  2 bullfrogs
  4 scorpions
  10 wights
  4 howler monkeys
  Crazy Yiuf (D:6)
  A gnoll bouda (D:6)
  4 orc priests
  3 hounds
  2 jellies
  2 iguanas
  Jessica (D:3)
  9 orc wizards
  7 adders
  5 gnolls (D:6)
  2 shadow imps
  2 white imps
  An ufetubus (D:5)
  2 worms (D:2)
  A dart slug (D:3)
  20 orcs
  A bat zombie (D:4)
  6 endoplasms
  A giant cockroach (D:2)
  4 goblins
  6 hobgoblins
  8 jackals
  6 quokkas
  7 ball pythons
  7 bats
  5 frilled lizards
  7 kobolds
  5 rats
  2 rat zombies (D:4)
175 creatures vanquished.

Notes
Turn   | Place    | Note
-------+----------+-------------------------------------------
     0 | D:1      | MisterAzrael the Hill Orc Fighter began the quest for the
                  | Orb.
     0 | D:1      | Reached XP level 1. HP: 19/19 MP: 1/1
   106 | D:1      | Found Hivid's Vocational Training.
   117 | D:1      | Reached skill level 3 in Axes
   155 | D:1      | Reached XP level 2. HP: 25/27 MP: 2/2
   229 | D:1      | Found a faded altar of an unknown god.
   906 | D:2      | Reached XP level 3. HP: 33/33 MP: 3/3
  1555 | D:3      | Noticed Jessica
  1568 | D:3      | Reached skill level 4 in Axes
  1572 | D:3      | Killed Jessica
  1573 | D:3      | Reached XP level 4. HP: 11/40 MP: 4/4
  1946 | D:3      | Found an ornate altar of the Wu Jian Council.
  2463 | D:4      | You fall into a shaft and drop 1 floor!
  2463 | D:5      | Entered Level 5 of the Dungeon
  2510 | D:4      | Reached XP level 5. HP: 47/47 MP: 5/5
  2719 | D:4      | Found an ancient bone altar of Kikubaaqudgha.
  2831 | D:5      | Noticed a water moccasin
  2832 | D:5      | Noticed a phantom
  2851 | D:5      | Killed a water moccasin
  2852 | D:5      | Reached skill level 5 in Axes
  2852 | D:5      | Reached XP level 6. HP: 21/55 MP: 6/6
  2864 | D:5      | Reached skill level 5 in Fighting
  2864 | D:5      | Reached skill level 6 in Axes
  2906 | D:5      | Identified the +1 leather armour of Honesty {Dex+7}
  2942 | D:5      | Reached XP level 7. HP: 50/61 MP: 7/7
  3062 | D:5      | Reached skill level 5 in Armour
  3070 | D:5      | Reached skill level 5 in Shields
  3150 | D:5      | Reached skill level 7 in Axes
  3158 | D:5      | Found a sparkling altar of Nemelex Xobeh.
  3291 | D:5      | Found the +3 salamander hide armour {Flames, rFlCloud rF++
                  | rC--}
  3626 | D:6      | Reached XP level 8. HP: 69/70 MP: 8/8
  3714 | D:6      | Found a staircase to the Ecumenical Temple.
  3782 | Temple   | Entered the Ecumenical Temple
  3815 | Temple   | Became a worshipper of Qazlal Stormbringer
  4015 | D:6      | Reached skill level 8 in Axes
  4015 | D:6      | Reached skill level 1 in Invocations
  4057 | D:6      | Found a shadowy altar of Dithmenos.
  4196 | D:6      | Found a sacrificial altar of Ru.
  4427 | D:6      | Found a runed translucent door.
  4428 | D:6      | Noticed Crazy Yiuf
  4434 | D:6      | Killed Crazy Yiuf
  4536 | D:7      | Noticed Jeremiah
  4543 | D:7      | Killed Jeremiah
  4544 | D:7      | Reached skill level 9 in Axes
  4544 | D:7      | Reached skill level 5 in Invocations
  4544 | D:7      | Reached XP level 9. HP: 59/78 MP: 10/12
  4779 | D:7      | Reached * piety under Qazlal
  4780 | D:7      | Reached skill level 10 in Axes
  5088 | D:8      | Noticed Erica
  5097 | D:8      | Killed Erica
  5135 | D:8      | Reached skill level 1 in Spellcasting
  5135 | D:8      | Reached XP level 10. HP: 74/88 MP: 15/15
  5325 | D:8      | Reached skill level 11 in Axes
  5773 | D:8      | Noticed Psyche
  5779 | Abyss:2  | Found a corrupted altar of Lugonu.
  5779 | Abyss:2  | Cast into level 2 of the Abyss (Psyche)
  5837 | Abyss:2  | Noticed a thrashing horror
  5837 | Abyss:2  | Noticed a thrashing horror
  5856 | Abyss:2  | Killed a thrashing horror
  5865 | Abyss:2  | Killed a thrashing horror
  5866 | Abyss:2  | Reached XP level 11. HP: 26/95 MP: 17/17
  5924 | Abyss:2  | Reached skill level 12 in Axes
  5974 | Abyss:2  | Found a corrupted altar of Lugonu.
  5980 | Abyss:2  | Noticed a thrashing horror
  5986 | Abyss:2  | Noticed a wretched star
  5988 | Abyss:2  | Killed a thrashing horror
  5988 | Abyss:2  | Reached ** piety under Qazlal
  5997 | Abyss:2  | Collided with a metal wall

Illustrated notes

Levels and vault maps discovered:
D:1:      wander_arrival_estate, layout_basic, ebering_ecumenical_altar_rust,
          minmay_misc_feat_rows, dk_noncrumbling_3, nicolae_shop_vocational
D:2:      layout_loops_ring, minivault_23
D:3:      layout_loops_ring, nzn_wu_jian_contemplation, uniq_jessica
D:4:      layout_cave_pools, lemuel_zombie_altar_kikubaaqudgha
D:5:      layout_loops_cross, mainiacjoe_overflow_small_starburst, st_stairs_2
D:6:      layout_loops_ring, grunt_dithmenos_smoke_and_mirrors,
          nicolae_ru_great_annihilating_truth, temple_hall,
          uniq_crazy_yiuf_cottage
D:7:      layout_cave_pools, uniq_jeremiah
D:8:      erik_cavepeople, layout_basic, grunt_ministairs_13, uniq_erica
Temple:   nicolae_temple_god_jail
Abyss:2:  base:
D:5

Skill      XL: |  1  2  3  4  5  6  7  8  9 10 11 |
---------------+----------------------------------+-----
Axes           | 3 4 5 6 7 9 10 11 12 | 12.2
Fighting       | 4 5 6 7 8 |  8.7
Armour         | 4 5 6 7 8 |  8.0
Shields        | 4 5 6 7 |  7.8
Invocations    | 5 7 9 |  9.4
Spellcasting   | 1 2 |  2.6

Action                     |  1- 3 |  4- 6 |  7- 9 | 10-12 || total
---------------------------+-------+-------+-------+-------++-------
  Melee: War axe           |   130 |   114 |    82 |       ||   326
         Battleaxe         |       |       |     4 |    33 ||    37
 Invoke: Upheaval          |       |       |       |     1 ||     1
    Use: Potion            |       |     4 |       |     4 ||     8
         Scroll            |       |       |     5 |     2 ||     7
   Stab: Invisible         |       |     4 |       |       ||     4
 Armour: Scale mail        |    55 |    56 |     9 |       ||   120
         Chain mail        |       |       |    21 |       ||    21
         Leather armour    |       |       |     9 |    34 ||    43
  Dodge: Dodged            |    62 |    72 |    39 |    42 ||   215
  Block: Buckler           |    38 |    22 |    21 |       ||    81
         Other             |       |       |       |     6 ||     6

Table legend: (Time is in decaauts)
 A = Elapsed time spent in this place.
 B = Non-inter-level travel time spent in this place.
 C = Inter-level travel time spent in this place.
 D = Time resting spent in this place.
 E = Time spent auto-exploring this place.
 F = Levels seen in this place.
 G = Mean time per level.
                   A        B        C        D        E       F      G
               +--------+--------+--------+--------+--------+-----+--------+
         Total |   6092 |   5847 |    245 |    279 |   4203 |  10 |  609.2 |
       Dungeon |   5816 |   5572 |    244 |    221 |   4119 |   8 |  727.0 |
        Temple |     56 |     56 |      0 |      0 |      0 |   1 |   56.0 |
         Abyss |    219 |    219 |      0 |     58 |     84 |   1 |  219.0 |
               +--------+--------+--------+--------+--------+-----+--------+

Top non-repeatable levels by time:
     D:6: 847 daAuts
     D:5: 798 daAuts
     D:3: 780 daAuts
     D:2: 772 daAuts
     D:1: 768 daAuts
     D:8: 661 daAuts
     D:7: 613 daAuts
     D:4: 574 daAuts
 Abyss:2: 219 daAuts
  Temple: 56 daAuts
